 Dungeon Crawl Stone Soup version 0.23.2-33-g5129a83184 (webtiles) character file.

Game seed: 4042143190557858928

3091 t4s4d4r the Martial Artist (level 9, -1/62 HPs)
             Began as an Octopode Transmuter on July 16, 2019.
             Was an Initiate of Gozag.
             Slain by a hippogriff (5 damage)
             ... on level 8 of the Dungeon.
             The game lasted 00:16:03 (8830 turns).

t4s4d4r the Martial Artist (Octopode Transmuter)    Turns: 8830, Time: 00:16:04

Health: -1/62      AC:  1    Str:  9    XL:     9   Next: 89%
Magic:  12/12      EV: 15    Int: 18    God:    Gozag
Gold:   429        SH:  0    Dex: 13    Spells: 2/12 levels left

rFire    . . .     SeeInvis .     - Unarmed
rCold    . . .     Gourm    .   (no shield)
rNeg     . . .     Faith    .   (helmet restricted)
rPois    .         Spirit   .   u - amulet of magic regeneration
rElec    .         Reflect  .   (no ring)
rCorr    .         Harm     .   (no ring)
MR       .....                  (no ring)
Stlth    ++++......             (no ring)
HPRegen  0.20/turn              (no ring)
MPRegen  0.38/turn              (no ring)
                                (no ring)
                                (no ring)

@: appendage (expiring)
A: almost no armour, stealthy swim, amphibious, 8 rings, constrict 8, tentacle
spike 3, camouflage 1, gelatinous body 1
a: End Transformation, Potion Petition, Call Merchant, Bribe Branch, Renounce
Religion


You were on level 8 of the Dungeon.
You worshipped Gozag.
Gozag was aware of your devotion.
You were not hungry.
One of your tentacles had a temporary spike.
You visited 2 branches of the dungeon, and saw 9 of its levels.

You collected 540 gold pieces.
You paid 111 gold pieces to Gozag.

Inventory:

Missiles
 a - 181 arrows
 d - 183 stones (quivered)
Armour
 A - a +0 buckler
Jewellery
 i - an uncursed ring of ice
 u - an amulet of magic regeneration (around mantle)
Wands
 r - a wand of iceblast (10)
 z - a wand of enslavement (11)
Scrolls
 e - a scroll of immolation {unknown}
 f - a scroll of fear {unknown}
 g - 3 scrolls of remove curse
 h - a scroll of teleportation {unknown}
 s - 3 scrolls of enchant armour
 v - 2 scrolls of blinking {unknown}
 w - 2 scrolls of magic mapping {unknown}
 x - a scroll of enchant weapon {unknown}
 y - a scroll of amnesia {unknown}
Potions
 b - a potion of haste {unknown}
 j - a potion of might {unknown}
 k - 4 potions of curing
 l - 3 potions of invisibility
 m - 2 potions of flight {unknown}
 n - a potion of magic {unknown}
 o - 2 potions of degeneration {unknown}
 p - a potion of agility {unknown}
 q - 2 potions of heal wounds
 t - a potion of resistance {unknown}
Comestibles
 c - 7 rations


   Skills:
 - Level 6.1 Fighting
 + Level 5.1 Dodging
 - Level 5.9 Stealth
 - Level 9.4 Unarmed Combat
 - Level 2.0 Spellcasting
 - Level 5.2 Transmutations


You had 2 spell levels left.
You knew the following spells:

 Your Spells              Type           Power        Failure   Level  Hunger
a - Beastly Appendage     Tmut           ###...       2%          1    #......
b - Sticks to Snakes      Tmut           ###.....     3%          2    ###....
c - Spider Form           Tmut/Pois      ##........   19%         3    ###....
d - Ice Form              Ice/Tmut       ##......     52%         4    #####..

Your spell library contained the following spells:

 Spells                   Type           Power        Failure   Level  Hunger
 Blade Hands              Tmut           ###.......   52%         5    ######.


Dungeon Overview and Level Annotations

Branches:
Dungeon (8/15)             Temple (1/1) D:6            Lair (0/6) D:8

Altars:
Dithmenos
Elyvilon
Fedhas
Gozag
Hepliaklqana
Kikubaaqudgha
Ru
Trog
Zin
The Shining One

Shops:
D:8 :

Annotations:
D:4 exclusion: door, Grinder
D:6 Pikel


Innate Abilities, Weirdness & Mutations

You cannot wear most types of armour.
You are very stealthy in the water. (Stealth+)
You are amphibious.
You can wear up to eight rings at the same time.
You can use your tentacles to constrict eight enemies at once.
Your skin changes colour to match your surroundings (Stealth+).
Your rubbery body absorbs attacks. (AC +1, EV +1)
One of your tentacles bears a large vicious spike.


Message History

Your squeeze misses the hippogriff.
The hippogriff is moderately wounded.
The hippogriff misses you. x2; The hippogriff barely misses you.
Unknown command.
You tentacle-slap the hippogriff.
The hippogriff is heavily wounded.
The hippogriff bites you.
* * * LOW HITPOINT WARNING * * *
The hippogriff pecks you.
* * * LOW HITPOINT WARNING * * *
The hippogriff claws you.
* * * LOW HITPOINT WARNING * * *
Unknown command.
You bludgeon the hippogriff!
Your tentacle spike misses the hippogriff.
You squeeze the hippogriff.
The hippogriff is severely wounded.
The hippogriff bites you.
You die...
Your body crumbles into a pile of gold.

#. #..# #.# ##..
#. #.## #.# ##' #.
#.# #.# #.
#.##.####.# #.
#......)..# ####.
####.#########....
#......# #........
#H##.#.# #.###....
#@##.#.###.###..#.
#.##..............
#......###.###..#.
######## #......#.
#####.##. #....
####. #. #.


You could see a hippogriff.

Vanquished Creatures
  Prince Ribbit (D:4)
  Eustachio (D:4)
  Duvessa (D:6)
  An orc warrior (D:7)
  2 black bears
  2 phantoms
  2 ogres
  3 centaurs
  A big kobold (D:7)
  2 bullfrogs
  Dowan (D:6)
  A water moccasin zombie (D:8)
  A scorpion (D:5)
  A water moccasin skeleton (D:7)
  3 killer bees
  4 wights (D:7)
  3 howler monkeys
  3 crimson imps
  A bullfrog zombie (D:7)
  A centaur zombie (D:5)
  4 hounds
  A jelly (D:7)
  5 orc priests
  2 bullfrog skeletons
  4 iguanas
  An orc wizard (D:6)
  7 worker ants
  A hound zombie (D:7)
  A hound skeleton (D:4)
  6 adders
  4 gnolls
  2 adder zombies
  4 leopard geckos
  16 orcs
  A ball python (D:3)
  7 bats
  6 giant cockroaches
  9 goblins
  7 hobgoblins
  2 jackals (D:3)
  8 kobolds
  2 quokkas (D:7)
  5 frilled lizards
  A giant cockroach zombie (D:5)
  A leopard gecko skeleton (D:6)
  9 rats
151 creatures vanquished.

Vanquished Creatures (collateral kills)
  A jelly (D:5)
1 creature vanquished.

Grand Total: 152 creatures vanquished

Notes
Turn   | Place    | Note
-------+----------+-------------------------------------------
     0 | D:1      | t4s4d4r the Octopode Transmuter began the quest for the
                  | Orb.
     0 | D:1      | Reached XP level 1. HP: 13/13 MP: 3/3
     2 | D:1      | Noticed a demigod
     2 | D:1      | Noticed an ogre
     4 | D:1      | Noticed a felid
     4 | D:1      | Noticed a gargoyle
     6 | D:1      | Noticed a tengu
     6 | D:1      | Noticed a formicid
    10 | D:1      | Noticed a vampire
    10 | D:1      | Noticed a draconian
    12 | D:1      | Noticed a vine stalker
    12 | D:1      | Noticed a spriggan
    14 | D:1      | Noticed an octopode
    14 | D:1      | Noticed a minotaur
    16 | D:1      | Noticed a troll
    18 | D:1      | Noticed a centaur
    20 | D:1      | Noticed a merfolk
    20 | D:1      | Noticed a demonspawn
    22 | D:1      | Noticed a dwarf
    22 | D:1      | Noticed a ghoul
    24 | D:1      | Noticed a human
    24 | D:1      | Noticed a naga
    26 | D:1      | Noticed a halfling
    26 | D:1      | Noticed an elf
   231 | D:1      | Reached XP level 2. HP: 16/18 MP: 3/5
   241 | D:1      | Learned a level 2 spell: Sticks to Snakes
   574 | D:1      | Reached skill level 4 in Unarmed Combat
   618 | D:1      | Reached XP level 3. HP: 21/23 MP: 6/6
   630 | D:1      | Learned a level 3 spell: Spider Form
   942 | D:2      | Found a glowing golden altar of the Shining One.
  1006 | D:2      | Reached XP level 4. HP: 21/28 MP: 4/7
  1334 | D:2      | Reached skill level 5 in Unarmed Combat
  1925 | D:3      | Noticed an ogre
  1933 | D:3      | Killed an ogre
  1933 | D:3      | Reached skill level 6 in Unarmed Combat
  1933 | D:3      | Reached XP level 5. HP: 31/33 MP: 4/8
  2495 | D:4      | Noticed Grinder
  2674 | D:4      | Reached skill level 1 in Stealth
  2674 | D:4      | Reached XP level 6. HP: 28/38 MP: 2/9
  3375 | D:4      | Found a hazy altar of Hepliaklqana.
  3655 | D:4      | Reached XP level 7. HP: 31/45 MP: 7/10
  3816 | D:4      | Noticed Eustachio
  3834 | D:4      | Killed Eustachio
  4524 | D:5      | Entered Level 5 of the Dungeon
  4637 | D:5      | Noticed Prince Ribbit
  4653 | D:4      | Killed Prince Ribbit
  4653 | D:4      | Reached skill level 5 in Transmutations
  4653 | D:4      | Reached XP level 8. HP: 27/52 MP: 6/11
  4981 | D:5      | Reached skill level 5 in Stealth
  5537 | D:6      | Reached skill level 7 in Unarmed Combat
  5979 | D:6      | Reached skill level 8 in Unarmed Combat
  6089 | D:6      | Found a staircase to the Ecumenical Temple.
  6091 | D:6      | Noticed Duvessa
  6091 | D:6      | Noticed Dowan
  6110 | D:6      | Killed Duvessa
  6110 | D:6      | Reached skill level 5 in Fighting
  6110 | D:6      | Reached XP level 9. HP: 26/61 MP: 12/12
  6113 | D:6      | Killed Dowan
  6309 | D:6      | You fall through a shaft for 2 floors!
  6418 | Temple   | Entered the Ecumenical Temple
  6439 | Temple   | Became a worshipper of Gozag Ym Sagoz the Greedy
  6507 | D:6      | Noticed Pikel
  6891 | D:7      | Found a hazy altar of Hepliaklqana.
  7057 | D:7      | Reached skill level 9 in Unarmed Combat
  8185 | D:7      | Learned a level 4 spell: Ice Form
  8446 | D:8      | Found Evvulonut's Book Boutique.
  8466 | D:8      | Found a staircase to the Lair.
  8466 | D:8      | Noticed a death yak
  8664 | D:8      | Reached skill level 5 in Dodging
  8829 | D:8      | HP: 3/62 [hippogriff (5)]
  8830 | D:8      | Slain by a hippogriff

Skill      XL: |  1  2  3  4  5  6  7  8  9 |
---------------+----------------------------+-----
Unarmed Combat | 4 6 8 9 |  9.4
Stealth        | 1 3 4 5 |  5.9
Transmutations | 3 5 |  5.2
Fighting       | 2 3 5 6 |  6.1
Dodging        | 5 |  5.1
Spellcasting   | |  2.0

Action                   |  1- 3 |  4- 6 |  7- 9 || total
-------------------------+-------+-------+-------++-------
Melee: Unarmed           |    69 |   112 |   280 ||   461
       Constrict         |    15 |    13 |    34 ||    62
       Kick              |     4 |     6 |    33 ||    43
       Tentacles         |     6 |     4 |    44 ||    54
       Punch             |       |     2 |    10 ||    12
Throw: Stone             |       |     3 |     4 ||     7
 Cast: Beastly Appendage |     7 |    10 |    24 ||    41
       Spider Form       |     1 |     5 |    13 ||    19
       Sticks to Snakes  |       |       |    12 ||    12
 Abil: End Transformatio |       |       |     1 ||     1
Evoke: Wand              |       |       |     1 ||     1
  Use: Scroll            |       |     1 |     6 ||     7
       Potion            |       |     1 |       ||     1
 Stab: Sleeping          |     3 |     8 |     8 ||    19
       Distracted        |       |       |     3 ||     3
  Eat: Chunk             |       |    10 |    10 ||    20
       Ration            |       |       |     3 ||     3
Armor: Skin              |    10 |     5 |     9 ||    24
Dodge: Dodged            |    51 |    69 |   184 ||   304
